 Dungeon Crawl Stone Soup version 0.32-a0-768-g0f6f1dd4b9 (webtiles) character file.

Game seed: 15380742250041233270

8453 Alarak the Thaumaturge (level 11, 0/54 HPs)
             Began as a Deep Elf Earth Elementalist on Mar 18, 2024.
             Was a Follower of Vehumet.
             Slain by a slime creature (14 damage)
             ... on level 10 of the Dungeon.
             The game lasted 00:37:40 (13639 turns).

Alarak the Thaumaturge (DEEE)                      Turns: 13639, Time: 00:37:43

Health: 0/54       AC: 13    Str:  6    XL:     11   Next: 10%
Magic:  14/31      EV: 11    Int: 28    God:    Vehumet [*.....]
Gold:   557        SH:  0    Dex: 15    Spells: 22/38 levels left

rFire   . . .        i - +6 war axe of the Disbelieving Asp {drain, rN+ Will+ Str-2}
rCold   . . .        (no shield)
rNeg    + . .        I - +0 robe {Will+}
rPois   .            c - +2 helmet
rElec   .            b - +2 cloak {Will+}
rCorr   +            p - +0 pair of gloves
SInv    .            (no boots)
Will    ++++.        d - amulet of regeneration
Stlth   ++           k - +4 ring of protection
HPRegen 1.09/turn    H - ring "Qeajaok" {rCorr Str+3 Int+3}
MPRegen 0.22/turn

%: no passive effects
@: no status effects
A: no striking features
a: Renounce Religion


You were on level 10 of the Dungeon.
You worshipped Vehumet.
Vehumet was aware of your devotion.
You visited 2 branches of the dungeon, and saw 11 of its levels.

You collected 557 gold pieces.

Inventory:

Hand Weapons
 i - the +6 war axe of the Disbelieving Asp (weapon) {drain, rN+ Will+ Str-2}
   (You found it on level 4 of the Dungeon)

   Str-2:     It affects your strength (-2).
   rN+:       It protects you from negative energy.
   Will+:     It increases your willpower.
 z - a +5 demon blade of draining
 A - a +5 scimitar of freezing
Missiles
 n - 2 throwing nets
Armour
 b - a +2 cloak of willpower (worn)
 c - a +2 helmet (worn)
 p - a +0 pair of gloves (worn)
 s - +0 acid dragon scales
 y - a +2 kite shield
 I - a +0 robe of willpower (worn)
Jewellery
 d - an amulet of regeneration (around neck)
 k - a +4 ring of protection (left hand)
 D - a ring of protection from cold
 H - the ring "Qeajaok" (right hand) {rCorr Str+3 Int+3}
   (You found it on level 9 of the Dungeon)

   [ring of resist corrosion]

   Str+3:     It affects your strength (+3).
   Int+3:     It affects your intelligence (+3).
   rCorr:     It protects you from acid and corrosion.
Wands
 q - a wand of mindburst (15)
 r - a wand of quicksilver (6)
 u - a wand of roots (12)
 B - a wand of polymorph (4)
Scrolls
 a - a scroll of amnesia
 e - 2 scrolls of noise
 g - a scroll of brand weapon
 w - a scroll of blinking
 x - a scroll of enchant armour
Potions
 f - 2 potions of degeneration
 h - 2 potions of might
 j - 4 potions of heal wounds
 l - 4 potions of curing
 m - 4 potions of attraction
 o - a potion of lignification
 t - 3 potions of cancellation {unknown}
 v - a potion of brilliance {unknown}
 C - a potion of berserk rage {unknown}
 F - 2 potions of haste {unknown}
 G - a potion of resistance {unknown}
 J - a potion of enlightenment {unknown}


   Skills:
 - Level 2.4 Dodging
 - Level 2.4 Stealth
 - Level 14.0 Spellcasting
 - Level 11.0 Conjurations
 + Level 4.6 Necromancy
 - Level 9.8 Earth Magic


You had 22 spell levels left.
You knew the following spells:

 Your Spells              Type           Power      Damage    Failure   Level
a - Sandblast             Erth           100%       2d20      1%          1
b - Stone Arrow           Conj/Erth      100%       3d13      1%          3
c - Brom's Barrelling Bo  Conj/Erth      67%        2d8       1%          4
d - Passwall              Erth           65%        N/A       1%          3
e - Borgnjor's Vile Clut  Necr/Erth      28%        N/A       3%          5

Your spell library contained the following spells:

 Spells                   Type           Power      Damage    Failure   Level
 Freeze                   Ice            76%        1d8       2%          1
 Animate Armour           Summ/Erth      94%        N/A       3%          4
 Petrify                  Alch/Erth      47%        N/A       3%          4
 Alistair's Intoxication  Alch           12%        N/A       58%         5
 Lehudib's Crystal Spear  Conj/Erth      33%        10d9      94%         8
 Eringya's Noxious Bog    Alch           9%         4d6       99%         6


Dungeon Overview and Level Annotations

Branches:
Dungeon (10/15)            Temple (1/1) D:5             Orc (0/2) D:10
   Lair: D:8-11

Altars:
Ashenzari
Cheibriados
Dithmenos
Elyvilon
Fedhas
Gozag
Hepliaklqana
Kikubaaqudgha
Makhleb
Nemelex Xobeh
Okawaru
Qazlal
Ru
Sif Muna
Trog
Uskayaw
Vehumet
Wu Jian
Xom
Yredelemnul
Zin
The Shining One

Shops:
D:2 *   D:4 (   D:7 =!==:

Annotations:
D:3 1 runed translucent door


Message History

The orc shouts!
The stone arrow hits the slime creature!!
You kill the slime creature!
Vehumet accepts your kill.
You feel your power returning. The slime creature hits you!
You are too injured to fight recklessly!
Casting: Stone Arrow (safe; 1% risk of failure)
Confirm with . or Enter, or press ? or * to list all spells.
Aiming: Sandblast (safe; 1% risk of failure)
Press: ? - help, Shift-Dir - straight line, f - slime creature
Aim: a slime creature (97% to hit)
The blast of sand hits the slime creature!
The slime creature is moderately wounded.
The slime creature barely misses you. The orc hits you but does no damage.
The slime creature hits you!
* * * LOW HITPOINT WARNING * * *
Casting: Sandblast (safe; 1% risk of failure)
Confirm with . or Enter, or press ? or * to list all spells.
Aiming: Stone Arrow (safe; 1% risk of failure)
Press: ? - help, Shift-Dir - straight line, f/p - slime creature
Aim: a slime creature (moderately wounded, 95% to hit)
Okay, then.
Casting: Stone Arrow (safe; 1% risk of failure)
Confirm with . or Enter, or press ? or * to list all spells.
Aiming: Sandblast (safe; 1% risk of failure)
Press: ? - help, Shift-Dir - straight line, f/p - slime creature
Aim: a slime creature (moderately wounded, 97% to hit)
The blast of sand hits the slime creature!
The slime creature is heavily wounded.
The orc completely misses you. The slime creature hits you.
* * * LOW HITPOINT WARNING * * *
Casting: Sandblast (safe; 1% risk of failure)
Confirm with . or Enter, or press ? or * to list all spells.
Aiming: Stone Arrow (safe; 1% risk of failure)
Press: ? - help, Shift-Dir - straight line, f/p - slime creature
Aim: a slime creature (heavily wounded, 95% to hit)
The stone arrow hits the slime creature.
The slime creature is heavily wounded.
The orc hits you but does no damage. The slime creature hits you!
You die...

#..### #......#
#..## #......##
#...# #........
#...# #........
#...# #........
#...# #........
#...# #........
#...######......#
#....o@.........#
#......J..###...#
##........# ###
#........#
#........#
##########


You could see a slime creature and an orc.

Vanquished Creatures
  Erica (D:8)
  Maurice (D:8)
  Joseph (D:8)
  Maggie (D:6)
  Psyche (D:8)
  Grinder (D:3)
  5 slime creatures (D:10)
  Eustachio (D:5)
  A wraith (D:10)
  4 yaks (D:9)
  A steam dragon (D:7)
  Menkaure (D:6)
  Edmund (D:6)
  Duvessa (D:5)
  6 orc warriors
  4 black bears
  An ice beast (D:6)
  3 ogres
  A centaur (D:6)
  2 kobold brigands (D:9)
  A bullfrog (D:7)
  A gnoll sergeant (D:7)
  5 scorpions
  A burial acolyte (D:9)
  14 wights
  Dowan (D:5)
  6 killer bees (D:9)
  2 howler monkeys (D:8)
  A human zombie (D:3)
  2 jellies
  2 bombardier beetles
  4 hounds
  10 orc priests
  A gnoll bouda (D:9)
  2 iguanas
  2 sleepcaps
  A human skeleton (D:3)
  7 orc wizards
  A statue (D:8)
  A killer bee zombie (D:9)
  17 gnolls
  8 adders
  3 white imps
  3 dart slugs
  A ribbon worm (D:3)
  27 orcs
  6 endoplasms
  5 giant cockroaches
  6 goblins
  6 hobgoblins
  2 jackals (D:2)
  5 quokkas
  7 ball pythons
  4 bats
  4 frilled lizards
  18 kobolds
  3 rats
228 creatures vanquished.

Vanquished Creatures (others)
  A human (D:9)
1 creature vanquished.

Grand Total: 229 creatures vanquished

Notes
Turn   | Place    | Note
-------+----------+-------------------------------------------
     0 | D:1      | Alarak the Deep Elf Earth Elementalist began the quest for
                  | the Orb.
     0 | D:1      | Reached XP level 1. HP: 10/10 MP: 6/6
   122 | D:1      | Reached skill level 4 in Spellcasting
   122 | D:1      | Reached XP level 2. HP: 15/15 MP: 3/9
   283 | D:1      | Found a faded altar of an unknown god.
   305 | D:1      | You fall into a shaft and drop 1 floor!
   433 | D:2      | Found Lebo's General Store.
   452 | D:2      | Reached skill level 5 in Spellcasting
   452 | D:2      | Reached XP level 3. HP: 14/19 MP: 4/11
  1200 | D:3      | Reached XP level 4. HP: 24/24 MP: 11/13
  1393 | D:3      | Noticed Grinder
  1401 | D:3      | Killed Grinder
  1402 | D:3      | Reached XP level 5. HP: 6/28 MP: 7/14
  1402 | D:3      | Reached XP level 6. HP: 7/32 MP: 7/15
  1467 | D:3      | Learned a level 3 spell: Stone Arrow
  1894 | D:3      | Found a bloodstained altar of Trog.
  2244 | D:3      | Found a runed translucent door.
  2244 | D:3      | Noticed a human
  2288 | D:3      | Found a basalt altar of Yredelemnul.
  2594 | D:3      | Found a broken altar of Ashenzari.
  2809 | D:4      | Reached skill level 6 in Spellcasting
  2867 | D:4      | Found Kufui's Antique Weapon Boutique.
  3704 | D:4      | Reached XP level 7. HP: 36/36 MP: 14/18
  3850 | D:4      | Identified the +6 war axe of the Disbelieving Asp {drain,
                  | rN+ Will+ Str-2}
  4005 | D:4      | Reached skill level 5 in Earth Magic
  4188 | D:5      | Entered Level 5 of the Dungeon
  4350 | D:5      | Reached skill level 7 in Spellcasting
  4463 | D:5      | Noticed Duvessa
  4463 | D:5      | Noticed Dowan
  4468 | D:5      | Killed Duvessa
  4469 | D:5      | Reached XP level 8. HP: 40/41 MP: 4/21
  4471 | D:5      | Killed Dowan
  4472 | D:5      | Reached skill level 8 in Spellcasting
  4687 | D:5      | Found a staircase to the Ecumenical Temple.
  4687 | D:5      | Noticed Eustachio
  4692 | D:5      | Killed Eustachio
  4693 | D:5      | Reached skill level 9 in Spellcasting
  4702 | Temple   | Entered the Ecumenical Temple
  4795 | D:5      | Learned a level 4 spell: Brom's Barrelling Boulder
  4931 | D:5      | Reached skill level 10 in Spellcasting
  5392 | D:5      | Reached skill level 11 in Spellcasting
  5472 | D:5      | Found a blossoming altar of Fedhas.
  5472 | D:5      | Found an opulent altar of Gozag.
  5766 | D:6      | Noticed Menkaure
  5768 | D:6      | Killed Menkaure
  6047 | D:6      | Noticed Edmund
  6068 | D:6      | Killed Edmund
  6069 | D:6      | Reached XP level 9. HP: 45/45 MP: 8/26
  6456 | D:6      | Noticed Maggie
  6610 | D:6      | Killed Maggie
  8209 | D:7      | Found a burning altar of Makhleb.
  8247 | D:7      | Found an ornate altar of the Wu Jian Council.
  8366 | D:7      | Found Riguek's Book Boutique.
  8425 | D:7      | Found Duxzui's Distillery.
  8436 | D:7      | Found Oselem's Jewellery Emporium.
  8532 | D:7      | Found Xuteahi's Jewellery Shoppe.
  8629 | D:7      | Found Esares's Jewellery Emporium.
  8777 | D:7      | Reached skill level 10 in Conjurations
  8863 | D:7      | Found a glowing silver altar of Zin.
  8863 | D:7      | Found a glowing golden altar of the Shining One.
  8863 | D:7      | Found a white marble altar of Elyvilon.
  9843 | D:7      | Learned a level 3 spell: Passwall
  9940 | D:8      | Found the +7 Kryia's mail coat {PotionHeal*2 rC+}
  9948 | D:8      | Reached XP level 10. HP: 50/50 MP: 6/27
 10194 | D:8      | Found a radiant altar of Vehumet.
 10204 | D:8      | Became a worshipper of Vehumet
 10437 | D:8      | Noticed Erica
 10440 | D:8      | Killed Erica
 10582 | D:8      | Noticed Maurice
 10592 | D:8      | Killed Maurice
 10677 | D:8      | Noticed Joseph
 10694 | D:8      | Noticed Psyche
 10696 | D:8      | Killed Joseph
 10697 | D:8      | Reached skill level 12 in Spellcasting
 10701 | D:8      | Killed Psyche
 11568 | D:9      | Reached skill level 13 in Spellcasting
 12163 | D:9      | Identified the ring "Qeajaok" {rCorr Str+3 Int+3}
 12179 | D:9      | Reached * piety under Vehumet
 12179 | D:9      | Offered knowledge of Freeze by Vehumet.
 12408 | D:9      | Reached skill level 14 in Spellcasting
 12992 | D:9      | Found an ancient bone altar of Kikubaaqudgha.
 13119 | D:9      | Learned a level 5 spell: Borgnjor's Vile Clutch
 13190 | D:10     | Entered Level 10 of the Dungeon
 13249 | D:10     | Reached skill level 1 in Necromancy
 13435 | D:10     | Found a staircase to the Orcish Mines.
 13470 | D:10     | Reached XP level 11. HP: 39/54 MP: 19/31
 13639 | D:10     | Slain by a slime creature

Illustrated notes

Levels and vault maps discovered:
D:1:      shiori_arrival_oz, layout_basic, dreamdust_ecumenical_altar_statues,
          st_stairs_1
D:2:      minmay_diamond_boxcup, layout_basic, serial_shops, shop
D:3:      layout_loops_ring, trog_hazing_becter,
          mainiacjoe_overflow_surrounded_room, dk_yredelemnul_ordeal,
          serial_rivers, chequers_serial_rivers_small_3,
          chequers_serial_rivers_marsh, chequers_serial_rivers_small_b,
          chequers_serial_rivers_small_3, uniq_grinder
D:4:      layout_gridville, serial_shops, nicolae_shop_waterfront
D:5:      layout_basic, gammafunk_temple_overflow_elements,
          minmay_temple_entry_hall, uniq_duvessa, uniq_eustachio
D:6:      layout_loops_ring, amcnicky_mini_rare_corridor_liquid,
          glass_columns_b, uniq_menkaure, uniq_edmund, uniq_maggie
D:7:      layout_layer_cave, good_gods_mini_temple,
          nicolae_wu_jian_wuxing_cycle, makhleb_heckhound_becter, serial_shops,
          shop, shop, nicolae_shop_gaudy_bauble, nicolae_shop_real_fake_doors,
          shop, sword_in_stone
D:8:      layout_basic, vehumet_statue, uniq_maurice, uniq_erica, uniq_joseph,
          uniq_psyche
D:9:      layout_basic, tgw_kikubaaqudgha
D:10:     lemuel_castle_with_subvaults [lemuel_castle_interior_carwin_2],
          layout_irregular_city, david_lair_shrubbed, hiddenorc1_lemuel,
          serial_demonic, serial_demonic_c, serial_demonic_b, serial_demonic_c,
          serial_demonic_d, st_stairs_14
Temple:   hellmonk_temple_rainy

Skill      XL: |  1  2  3  4  5  6  7  8  9 10 11 |
---------------+----------------------------------+-----
Spellcasting   | 4 5 6 7 11 14 | 14.0
Conjurations   | 2 6 11 | 11.0
Earth Magic    | 4 6 7 9 |  9.8
Necromancy     | 2 4 |  4.6
Dodging        | |  2.4
Stealth        | |  2.4

Action                     |  1- 3 |  4- 6 |  7- 9 | 10-12 || total
---------------------------+-------+-------+-------+-------++-------
  Melee: Dagger            |     1 |     6 |       |       ||     7
   Cast: Sandblast         |    48 |    28 |     3 |    11 ||    90
         Stone Arrow       |       |    46 |   120 |   105 ||   271
         Brom's Barrelling |       |       |     5 |    17 ||    22
         Passwall          |       |       |     2 |       ||     2
    Use: Scroll            |     3 |     3 |     4 |     6 ||    16
         Potion            |       |       |       |     1 ||     1
 Armour: Robe              |    11 |    16 |    20 |    52 ||    99
  Dodge: Dodged            |    10 |    17 |     7 |    31 ||    65

Table legend: (Time is in decaauts)
 A = Elapsed time spent in this place.
 B = Non-inter-level travel time spent in this place.
 C = Inter-level travel time spent in this place.
 D = Time resting spent in this place.
 E = Time spent auto-exploring this place.
 F = Levels seen in this place.
 G = Mean time per level.
                   A        B        C        D        E       F      G
               +--------+--------+--------+--------+--------+-----+--------+
         Total |  13698 |  12862 |    836 |   2118 |   9350 |  11 | 1245.3 |
       Dungeon |  13631 |  12803 |    828 |   2118 |   9299 |  10 | 1363.1 |
        Temple |     66 |     58 |      8 |      0 |     51 |   1 |   66.0 |
               +--------+--------+--------+--------+--------+-----+--------+

Top non-repeatable levels by time:
     D:6: 2508 daAuts
     D:7: 1772 daAuts
     D:9: 1683 daAuts
     D:3: 1652 daAuts
     D:8: 1566 daAuts
     D:5: 1407 daAuts
     D:4: 1310 daAuts
     D:2: 965 daAuts
    D:10: 451 daAuts
     D:1: 313 daAuts
  Temple: 66 daAuts
